 Dungeon Crawl Stone Soup version 0.26-a0-854-gdc81c2f471 (webtiles) character file.

Game seed: 8341649984223479997

23207 RamboRex the Cleaver (level 13, -3/117 HPs)
             Began as a Hill Orc Monk on Nov 23, 2020.
             Was a High Priest of Beogh (penitent).
             Killed from afar by Urtork (32 damage)
             ... with an exploding inner flame
             ... on level 5 of the Lair of Beasts on Nov 24, 2020.
             The game lasted 00:49:30 (20186 turns).

RamboRex the Cleaver (Hill Orc Monk)               Turns: 20186, Time: 00:49:31

Health: -3/117     AC: 22    Str: 19    XL:     13   Next: 5%
Magic:  21/21      EV: 15    Int: 10    God:    Beogh [*]
Gold:   751        SH:  5    Dex: 13    Spells: 12/12 levels left

rFire    . . .     SeeInvis .   Q - +1 war axe
rCold    . . .     Faith    .   g - +0 buckler
rNeg     . . .     Spirit   .   N - +0 chain mail
rPois    .         Reflect  .   m - +1 helmet
rElec    .         Harm     .   c - +2 cloak {rCorr}
rCorr    +         Rampage  .   F - +2 pair of gloves
MR       .....                  M - +0 pair of boots
Stlth    ..........             (no amulet)
HPRegen  0.29/turn              d - +4 ring of evasion
MPRegen  0.17/turn              H - +4 ring of slaying

@: no status effects
A: no striking features
a: Renounce Religion


You were on level 5 of the Lair of Beasts.
You worshipped Beogh.
Beogh was demanding penance.
You visited 2 branches of the dungeon, and saw 16 of its levels.
You also visited: Sewer.

You collected 987 gold pieces.
You spent 236 gold pieces at shops.

Inventory:

Hand Weapons
 Q - a +1 war axe (weapon)
Armour
 c - a +2 cloak of preservation (worn)
 g - a +0 buckler (worn)
 m - a +1 helmet (worn)
 F - a +2 pair of gloves (worn)
 M - a +0 pair of boots (worn)
 N - a +0 chain mail (worn)
Jewellery
 b - an uncursed amulet of the acrobat {unknown}
 d - a +4 ring of evasion (left hand)
 s - a +4 ring of evasion
 H - a +4 ring of slaying (right hand)
Wands
 f - a wand of random effects (43)
 r - a wand of flame (27)
 G - a wand of enslavement (19)
 K - a wand of acid (19)
 R - a wand of iceblast (11)
Scrolls
 e - a scroll of enchant armour {unknown}
 h - 12 scrolls of fog
 i - 12 scrolls of teleportation
 j - 7 scrolls of remove curse
 k - a scroll of magic mapping
 n - a scroll of random uselessness
 y - 2 scrolls of blinking
 D - 3 scrolls of fear
 E - a scroll of enchant weapon
 J - 2 scrolls of noise
 L - a scroll of brand weapon {unknown}
 O - 2 scrolls of vulnerability
Potions
 l - a potion of resistance {unknown}
 o - 8 potions of heal wounds {unknown}
 p - a potion of mutation {unknown}
 q - 3 potions of flight {unknown}
 t - 4 potions of brilliance
 u - a potion of cancellation {unknown}
 v - a potion of berserk rage {unknown}
 w - 2 potions of lignification
 x - 2 potions of magic {unknown}
 z - a potion of degeneration {unknown}
 A - 10 potions of curing
 B - 2 potions of haste {unknown}
 C - 3 potions of might {unknown}
 I - 3 potions of invisibility
 P - a potion of attraction {unknown}


   Skills:
 + Level 11.8 Fighting
 + Level 12.8 Axes
 + Level 10.6 Armour
 + Level 7.8 Dodging
 - Level 1.5 Stealth
 - Level 5.0 Shields
 + Level 11.5 Invocations
 + Level 2.8 Evocations


You had 12 spell levels left.
You didn't know any spells.
Your spell library contained the following spells:

 Spells                   Type           Power        Failure   Level
 Corona                   Hex            #......      96%         1
 Sandblast                Erth           #.....       96%         1
 Shock                    Conj/Air       #...         96%         1
 Ensorcelled Hibernation  Hex/Ice        #.....       99%         2
 Passwall                 Tmut/Erth      #.......     99%         2
 Slow                     Hex            #.......     99%         2
 Swiftness                Air            #.......     99%         2
 Confusing Touch          Hex            #.......     100%        3
 Dazzling Flash           Conj/Hex       #.....       100%        3
 Gell's Gravitas          Tloc           #.........   100%        3
 Inner Flame              Hex/Fire       #.......     100%        3
 Portal Projectile        Hex/Tloc       #.....       100%        3
 Static Discharge         Conj/Air       #.......     100%        3
 Stone Arrow              Conj/Erth      #.....       100%        3
 Tukima's Dance           Hex            #.......     100%        3
 Airstrike                Air            #.........   100%        4
 Cause Fear               Hex            #.........   100%        4
 Leda's Liquefaction      Hex/Erth       #.........   100%        4
 Petrify                  Tmut/Erth      #.......     100%        4
 Lee's Rapid Deconstruct  Erth           #.........   100%        5
 Lightning Bolt           Conj/Air       #.........   100%        5
 Dispersal                Tloc           #.........   100%        6
 Disjunction              Tloc           #.........   100%        8


Dungeon Overview and Level Annotations

Branches:
Dungeon (10/15)            Temple (0/1) D:5            Lair (6/6) D:9
 Shoals (0/4) Lair:3        Snake (0/4) Lair:4          Orc (0/2) D:10
  Sewer (visited)
  Slime: Lair:5-6

Altars:
Gozag
Trog

Shops:
D:4 [   D:10 [

Annotations:
D:7 Joseph
Lair:4 exclusion: 2 oklob plants


Message History

There are monsters nearby!
Koronagh completely misses you.
Your orc hits Urtork with a +0 hand axe.
Flame seeps out of Urtork.
Your orc hits Syrus but does no damage.
Your orc hits the plant with a +0 hand axe!
You slash Urtork!
Flame seeps out of Urtork.
Urtork is almost dead.
You hit Syrus but do no damage. Urtork closely misses you.
You hit Urtork.
Flame seeps out of Urtork.
Urtork is almost dead.
You slash Syrus!
Flame seeps out of Syrus.
Syrus is engulfed in blazing flames.
Flame seeps out of Syrus.
Syrus unwields a +0 arbalest.
Syrus wields a +0 halberd.
Syrus barely misses you. Koronagh hits you but does no damage.
Your orc completely misses Urtork.
Your orc hits Syrus but does no damage.
Your orc hits the plant but does no damage.
Urtork is engulfed in blazing flames.
Urtork the orc knight explodes!
The fiery explosion engulfs you!!
You die...

#....... ...........
...... ...........
#....# #.........
##....# # ##....>..
#..... ##P #........
#...###..###......#
#..(P##..P#P......#
#...o##............
#.@§###.....<...P..
#.o°§##............
#.§oP######.....#..
##P..######.....P#..
#P....<.............
##..................
##..(...............
#...................
##..(...............


You could see Koronagh the orc knight (inner flame, strong), Syrus the orc
knight (inner flame, strong) and a friendly orc (inner flame).

Vanquished Creatures
  A death yak (Lair:4)
  An orc knight (Lair:5)
  An orc priest (Lair:5)
  An elephant (Lair:3)
  A black mamba (Lair:4)
  2 cane toads
  2 merfolk (Lair:3)
  Prince Ribbit (Lair:2)
  2 blink frogs (Lair:3)
  2 wyverns
  12 yaks
  6 water moccasins
  An orc warrior (D:10)
  2 sky beasts
  A necrophage (D:10)
  2 ice beasts
  A phantom (D:10)
  7 ogres
  5 wolves
  3 centaurs
  7 bullfrogs
  A big kobold (D:7)
  2 scorpions
  A killer bee (D:9)
  2 howler monkeys
  2 bullfrog zombies (D:5)
  4 jellies
  5 orc wizards
  2 iguanas
  3 worker ants
  Terence (D:3)
  A hound skeleton (D:8)
  14 adders
  6 river rats
  A shadow imp (D:5)
  2 white imps
  An ufetubus (D:6)
  10 oozes
  2 adder skeletons
  3 worms
  A dart slug (D:4)
  3 leopard geckos
  6 orcs
  8 bats
  9 giant cockroaches
  3 hobgoblins
  7 jackals
  19 kobolds
  4 quokkas
  18 ball pythons
  7 frilled lizards
  3 goblins (D:2)
  2 leopard gecko skeletons
  A quokka skeleton (D:6)
  28 rats
243 creatures vanquished.

Vanquished Creatures (collateral kills)
  The ghost of Kiheuqul the Reanimator, a journeyman GnNe of Nemelex Xobeh (Lair:4)
  3 hydras
  Fannar (Lair:1)
  2 boulder beetles
  A catoblepas (Lair:3)
  A two-headed ogre (D:9)
  3 death yaks (Lair:4)
  Pikel (D:6)
  A lindwurm (Lair:4)
  An ugly thing (D:9)
  2 elephants (Lair:3)
  2 black mambas
  3 cane toads
  A gargoyle (D:8)
  A centaur skeleton (D:10)
  6 komodo dragons
  A rime drake (Lair:3)
  A meliai (D:9)
  A troll (D:9)
  A polar bear (Lair:1)
  5 blink frogs
  A wyvern (D:9)
  26 yaks
  Eustachio (D:6)
  2 basilisks
  Menkaure (D:5)
  8 water moccasins
  An orc warrior (D:10)
  3 sky beasts
  2 ice beasts
  2 phantoms
  2 necrophages
  7 wolves
  An eye of draining (D:8)
  An ogre (D:8)
  4 centaurs
  2 lemures (D:6)
  8 bullfrogs
  A water moccasin zombie (D:5)
  A scorpion (D:6)
  A water moccasin skeleton (D:9)
  3 killer bees (D:9)
  A bullfrog zombie (D:9)
  A quasit (D:9)
  An orc priest (D:10)
  A bullfrog skeleton (D:10)
  2 hounds
  2 orc wizards
  2 worker ants
  2 worker ant zombies
  5 adders
  2 white imps
  An ufetubus (D:10)
  2 leopard geckos (D:5)
  4 orcs (D:10)
  3 jackals (D:5)
  A frilled lizard (D:5)
  2 kobolds (D:7)
149 creatures vanquished.

Vanquished Creatures (others)
  An orc warrior (D:10)
  3 orc priests
  8 orc wizards
  15 orcs
  43 fungi
  60 plants
  15 toadstools
145 creatures vanquished.

Grand Total: 537 creatures vanquished

Notes
Turn   | Place    | Note
-------+----------+-------------------------------------------
     0 | D:1      | RamboRex the Hill Orc Monk began the quest for the Orb.
     0 | D:1      | Reached XP level 1. HP: 19/19 MP: 1/1
   121 | D:1      | Reached XP level 2. HP: 24/27 MP: 2/2
   862 | D:2      | Reached skill level 1 in Armour
   914 | D:2      | Reached XP level 3. HP: 29/33 MP: 3/3
  1537 | D:2      | Reached skill level 1 in Shields
  1576 | D:2      | Reached XP level 4. HP: 40/40 MP: 4/4
  2054 | D:3      | Noticed Terence
  2078 | D:3      | Killed Terence
  2079 | D:3      | Reached skill level 5 in Axes
  2482 | D:3      | Reached XP level 5. HP: 46/47 MP: 5/5
  2990 | D:3      | Reached XP level 6. HP: 20/55 MP: 6/6
  3563 | D:3      | Became a worshipper of Beogh the Brigand
  3563 | D:3      | Reached * piety under Beogh
  3563 | D:3      | Reached ** piety under Beogh
  4016 | D:4      | Found a glowing drain.
  4037 | Sewer    | Entered a sewer
  4505 | Sewer    | Reached skill level 5 in Fighting
  4729 | Sewer    | Reached *** piety under Beogh
  4845 | Sewer    | Reached XP level 7. HP: 18/61 MP: 7/7
  4856 | Sewer    | Reached skill level 6 in Axes
  5740 | D:4      | Reached skill level 1 in Invocations
  5960 | D:4      | Found Zohykh's Antique Armour Boutique.
  6327 | D:5      | Entered Level 5 of the Dungeon
  6481 | D:5      | Gained Koronagh as an ally
  6482 | D:5      | Reached XP level 8. HP: 70/70 MP: 9/9
  6591 | D:5      | Noticed Menkaure
  6597 | D:5      | Killed Menkaure
  6900 | D:5      | Found a staircase to the Ecumenical Temple.
  6909 | D:5      | Reached **** piety under Beogh
  7074 | D:5      | Reached skill level 7 in Axes
  7746 | D:6      | Noticed Pikel
  7763 | D:6      | Killed Pikel
  7764 | D:6      | Reached skill level 5 in Armour
  7764 | D:6      | Reached skill level 5 in Shields
  7764 | D:6      | Reached XP level 9. HP: 72/79 MP: 10/12
  7788 | D:6      | Reached skill level 8 in Axes
  7903 | D:6      | Reached skill level 5 in Invocations
  8265 | D:6      | Noticed Eustachio
  8276 | D:6      | Killed Eustachio
  8602 | D:7      | Found an opulent altar of Gozag.
  9037 | D:7      | Noticed Joseph
  9548 | D:8      | Reached ***** piety under Beogh
  9954 | D:8      | Noticed a gargoyle
  9968 | D:8      | Killed a gargoyle
  9969 | D:8      | Reached skill level 9 in Axes
 10192 | D:8      | Reached XP level 10. HP: 88/88 MP: 14/14
 10779 | D:9      | Noticed a two-headed ogre
 10787 | D:9      | Killed a two-headed ogre
 10837 | D:9      | Reached skill level 5 in Dodging
 10934 | D:9      | Found a staircase to the Lair.
 11535 | D:9      | Found a bloodstained altar of Trog.
 11650 | D:9      | Got a faintly glowing ring mail
 11872 | D:9      | Noticed a red ugly thing
 11884 | D:9      | Killed a red ugly thing
 11885 | D:9      | Reached skill level 10 in Axes
 12570 | D:10     | Entered Level 10 of the Dungeon
 13192 | D:10     | Reached XP level 11. HP: 97/97 MP: 17/17
 13414 | D:10     | Found Faliasch's Armour Shoppe.
 13425 | D:10     | Bought a +2 cloak of preservation for 236 gold pieces
 13510 | D:10     | Found a staircase to the Orcish Mines.
 13559 | Lair:1   | Entered Level 1 of the Lair of Beasts
 13579 | Lair:1   | Gained Urtork as an ally
 14461 | Lair:1   | Noticed a seven-headed hydra
 14469 | Lair:1   | Killed an 11-headed hydra
 14470 | Lair:1   | Reached skill level 10 in Fighting
 14470 | Lair:1   | Reached skill level 11 in Axes
 14973 | Lair:1   | Noticed Fannar
 14983 | Lair:1   | Killed Fannar
 15516 | Lair:2   | Noticed a boulder beetle
 15522 | Lair:2   | Killed a boulder beetle
 15692 | Lair:2   | Noticed Prince Ribbit
 15698 | Lair:2   | Killed Prince Ribbit
 15998 | Lair:2   | Reached skill level 10 in Invocations
 15998 | Lair:2   | Gained Syrus as an ally
 16428 | Lair:3   | Reached XP level 12. HP: 95/108 MP: 19/19
 16695 | Lair:3   | Reached skill level 12 in Axes
 16730 | Lair:3   | Found a staircase to the Shoals.
 17596 | Lair:3   | Noticed a catoblepas
 17617 | Lair:3   | Killed a catoblepas
 18545 | Lair:4   | Found a large runed translucent door.
 18546 | Lair:4   | Found a large runed translucent door.
 18564 | Lair:4   | Noticed Kiheuqul's ghost (journeyman GnNe)
 18580 | Lair:4   | Killed Kiheuqul's ghost
 18581 | Lair:4   | Reached skill level 10 in Armour
 18878 | Lair:4   | Found a staircase to the Snake Pit.
 18910 | Lair:4   | Noticed a death yak
 18910 | Lair:4   | Noticed a death yak
 18910 | Lair:4   | Noticed a death yak
 18912 | Lair:4   | Noticed a death yak
 18921 | Lair:4   | Killed a death yak
 18921 | Lair:4   | Killed a death yak
 18922 | Lair:4   | Reached skill level 1 in Evocations
 18926 | Lair:4   | Killed a death yak
 18928 | Lair:4   | Killed a death yak
 19179 | Lair:4   | You fall into a shaft and drop 2 floors!
 19179 | Lair:6   | Entered Level 6 of the Lair of Beasts
 19230 | Lair:6   | Reached ****** piety under Beogh
 19377 | Lair:6   | Noticed a boulder beetle
 19392 | Lair:6   | Killed a boulder beetle
 19598 | Lair:5   | Noticed a six-headed hydra
 19603 | Lair:5   | Killed a seven-headed hydra
 19802 | Lair:4   | Reached XP level 13. HP: 107/117 MP: 21/21
 20170 | Lair:5   | Was placed under penance by Beogh
 20186 | Lair:5   | Killed from afar by Urtork

Illustrated notes

Levels and vault maps discovered:
D:1:      evilmike_arrival_plus, layout_basic
D:2:      layout_basic
D:3:      cheibrodos_fertilizer, layout_basic, uniq_terence
D:4:      minmay_angry_zag, layout_basic, serial_shops, kennysheep_mini_moat,
          serial_glass, glass_columns_c, glass_columns_a, portal_sewer_entry_e,
          wad_floor_pattern_untrapped
D:5:      layout_basic, minmay_temple_entry_statues, uniq_menkaure
D:6:      minmay_flawed_box, layout_loops_cross, dk_rats_in_the_wall,
          uniq_eustachio, uniq_pikel
D:7:      layout_cave_pools, nicolae_gozag_seed_capital, uniq_joseph
D:8:      wad_arrow_thing, layout_layer_cave
D:9:      wad_cavern_with_rooms, layout_layer_cave, lightli_temple_of_fire,
          lair_entry_dummy, minmay_gold_behind_fungi, minmay_bent
D:10:     layout_basic, david_orc_4, serial_shops, shop
Lair:1:   layout_chaotic_city, nicolae_volcano_entry_s_turn, minivault_25,
          serial_bayou_shore_b, uniq_fannar
Lair:2:   layout_regular_city, eino_small_chamber_without_monster, st_stairs_13,
          lemuel_fruit_tree, grunt_megastairs_3, uniq_prince_ribbit2
Lair:3:   layout_cave_pods, elwin_shoals_entry_rooms, gauntlet_entry_generic,
          grunt_forest_small_clearings, grunt_megastairs_5
Lair:4:   layout_cave_pods, minmay_snake_entry_six_corridors,
          ebering_ghost_disaster_area, dpeg_oklob_1
Lair:5:   layout_regular_city, dpeg_slime_entry_enclosed_altar, ldierk_geyser,
          serial_bayou_shore_b
Lair:6:   due_jungle_book, layout_loops_ring

Skill      XL: |  1  2  3  4  5  6  7  8  9 10 11 12 |
---------------+-------------------------------------+-----
Armour         | 1 2 3 4 5 6 8 9 10 | 10.6
Fighting       | 4 5 7 8 9 10 11 | 11.8
Shields        | 1 2 3 5 |  5.0
Axes           | 5 6 7 9 10 11 12 | 12.8
Dodging        | 3 4 5 6 7 |  7.8
Invocations    | 2 4 6 8 10 11 | 11.5
Evocations     | 2 |  2.8
Stealth        | |  1.5

Action                   |  1- 3 |  4- 6 |  7- 9 | 10-12 | 13-15 || total
-------------------------+-------+-------+-------+-------+-------++-------
Melee: Hand axe          |   131 |   380 |   350 |   169 |       ||  1030
       War axe           |       |       |       |   334 |     7 ||   341
 Fire: Hunting sling     |     4 |    14 |       |       |       ||    18
Invok: Convert to Beogh  |       |     1 |       |       |       ||     1
       Recall Orcish Fol |       |       |     2 |     5 |       ||     7
       Give Item to Name |       |       |       |     3 |       ||     3
Evoke: Wand              |       |       |     3 |       |       ||     3
  Use: Scroll            |       |     5 |     1 |     8 |     1 ||    15
       Potion            |       |     2 |     1 |       |       ||     3
 Stab: Distracted        |       |       |     3 |     8 |       ||    11
Armor: Scale mail        |    72 |    85 |    87 |    16 |       ||   260
       Skin              |       |    45 |    15 |       |       ||    60
       Chain mail        |       |       |       |   157 |     9 ||   166
Dodge: Dodged            |   108 |   271 |   225 |   281 |     9 ||   894
Block: Kite shield       |    41 |   179 |    19 |       |       ||   239
       Buckler           |       |       |    76 |    92 |     1 ||   169

Table legend: (Time is in decaauts)
 A = Elapsed time spent in this place.
 B = Non-inter-level travel time spent in this place.
 C = Inter-level travel time spent in this place.
 D = Time resting spent in this place.
 E = Time spent auto-exploring this place.
 F = Levels seen in this place.
 G = Mean time per level.
                   A        B        C        D        E       F      G
               +--------+--------+--------+--------+--------+-----+--------+
         Total |  20263 |  19914 |    349 |   6261 |   9448 |  17 | 1191.9 |
       Dungeon |  12203 |  11940 |    263 |   3536 |   5756 |  10 | 1220.3 |
          Lair |   6600 |   6515 |     85 |   1817 |   3663 |   6 | 1100.0 |
         Sewer |   1459 |   1459 |      0 |    908 |     28 |   1 | 1459.0 |
               +--------+--------+--------+--------+--------+-----+--------+

Top non-repeatable levels by time:
     D:3: 1936 daAuts
  Lair:3: 1900 daAuts
     D:9: 1897 daAuts
  Lair:1: 1825 daAuts
     D:8: 1492 daAuts
   Sewer: 1459 daAuts
     D:5: 1394 daAuts
  Lair:4: 1378 daAuts
     D:4: 1142 daAuts
     D:2: 1094 daAuts
  Lair:2: 1032 daAuts
    D:10: 952 daAuts
     D:6: 869 daAuts
     D:1: 857 daAuts
     D:7: 567 daAuts
